AoeStats
← уринатерапевт

Arena

509861755Analyzed
2v2 RM · 5d ago on Sep 28, 2026· 43m 32s· 4 players
Game mode
Random Map
Map size
Medium (4 player)
Population
200
Speed
Normal
Resources
Standard
Victory
Conquest
Starting age
Dark Age
Ending age
Imperial Age
RankedLock teamsTeams togetherTeam positionsShared explorationLock speedFull tech treeHidden civsTurbo modeCheats
Victory
Defeat
🇬🇧 Varangians · United Kingdom
1513
+11
🇳🇴 Poles · Norway
1463
+13
🇷🇺 Portuguese · Russia
1401
-12
1398
-12
GLOBAL ELITE
7:02 Loom
9:16 Feudal Age
13:53 Castle Age
13:02 Double-Bit Axe
16:28 Horse Collar
19:51 Heavy Plow
21:19 Gold Mining
21:59 Pikeman
23:13 Bow Saw
24:20 Wheelbarrow
28:18 Imperial Age
27:57 Bloodlines
27:38 Fletching
30:00 Chemistry
30:00 Murder Holes
30:28 Bodkin Arrow
30:49 Masonry
31:22 Conscription
36:08 Padded Archer Armor
36:15 Scale Barding Armor
36:20 Forging
36:34 Guilds
36:38 Husbandry
35:58 Cavalier
37:20 Chain Barding Armor
38:57 Plate Barding Armor
38:57 Iron Casting
38:37 Fortified Wall
уринатерапевт
10:53 Feudal Age
14:18 Castle Age
12:30 Double-Bit Axe
12:50 Horse Collar
19:26 Padded Archer Armor
20:53 Husbandry
22:28 Leather Archer Armor
24:56 Devotion
26:38 Loom
26:47 Town Watch
27:38 Wheelbarrow
30:13 Leather Archer Armor
30:27 Hand Cart
30:44 Hand Cart
35:20 Fletching
37:24 Bodkin Arrow
41:55 Imperial Age
43:16 Imperial Age
sahrmed
8:31 Feudal Age
9:15 Double-Bit Axe
11:19 Horse Collar
18:49 Castle Age
18:39 Bloodlines
18:52 Scale Barding Armor
19:18 Light Cavalry
20:26 Forging
20:39 Bow Saw
23:11 Husbandry
23:43 Chain Barding Armor
23:56 Szlachta Privileges
27:14 Devotion
33:21 Fortified Wall
37:03 Imperial Age
35:46 Forging
36:14 Wheelbarrow
35:24 Town Watch
35:26 Loom
36:01 Fletching
36:17 Husbandry
36:57 Ballistics
36:41 Heavy Plow
36:40 Crossbowman
37:24 Bodkin Arrow
38:19 Iron Casting
37:43 Cavalier
38:57 Thumb Ring
38:44 Elite Skirmisher
38:51 Heavy Mounted Crossbowman
41:05 Chemistry
40:59 Bracer
42:18 Padded Archer Armor
43:46 Masonry
43:53 Gold Mining
JoshDomestique
11:13 Feudal Age
11:59 Horse Collar
12:06 Double-Bit Axe
14:53 Castle Age
15:47 Bow Saw
14:58 Light Cavalry
18:36 Husbandry
22:22 Heavy Plow
23:17 Wheelbarrow
23:50 Loom
28:55 Imperial Age
26:52 Stone Mining
26:53 Gold Mining
28:19 Squires
28:06 Gambesons
30:05 Hand Cart
29:20 Elite Varangian Guard
30:33 Conscription
30:36 Scale Mail Armor
31:36 Chain Mail Armor
31:30 Capped Ram
32:47 Plate Mail Armor
32:58 Gothikon
34:50 Forging
35:00 Siege Ram
37:41 Iron Casting
36:45 Man-at-Arms
38:18 Siege Engineers
38:25 Masonry
40:02 Blast Furnace
39:14 Arson
41:21 Architecture
41:11 Ballistics
41:52 Chemistry
42:05 Coinage
42:45 Crop Rotation
43:16 Two-Man Saw
42:52 Stone Shaft Mining
Connection lost

Rejoining the realm…

Still unreachable

The connection could not be restored.

Session expired

The server has moved on; the page needs a fresh start.